 Dungeon Crawl Stone Soup version 0.20.0-10-g0535bb4 (webtiles) character file.

1224455 Hell the Sorcerer (level 27, 0/228 HPs)
             Began as a Demonspawn Wanderer on June 3, 2017.
             Was the Champion of Okawaru.
             Killed from afar by a Hell Sentinel (47 damage)
             ... with damnation
             ... in Pandemonium on June 4, 2017.
             The game lasted 06:04:39 (97102 turns).

Hell the Sorcerer (Demonspawn Wanderer)            Turns: 97102, Time: 06:04:39

Health: 0/228      AC: 50    Str: 22      XL:     27
Magic:  50/53      EV: 12    Int: 20 (21) God:    Okawaru [******]
Gold:   10909      SH: 34    Dex: 12 (13) Spells: 65/78 levels left

rFire    + + +     SeeInvis +   V - +9 demon trident (freeze)
rCold    + + .     Gourm    .   s - +0 large shield of Geenagh {rElec Regen+ rCorr Dex-2}
rNeg     + + .     Faith    .   k - +12 gold dragon scales
rPois    +         Spirit   .   (helmet unavailable)
rElec    +         Reflect  .   c - +2 cloak of Xafiul {rElec rF+++ Int+4 Stlth-}
rCorr    +         Harm     .   B - +2 pair of gloves {Str+3}
MR       +++++     Rnd*Rage +   N - +2 pair of boots {Fly} Stlth ..........Rnd*Tele +
                                P - macabre finger necklace {rN+}
Regen    3.9/turn               l - ring "Kihuzop" {rPois rF- MR+++ Dex+2 Slay+3}
MPRegen  0.4/turn               G - ring of Kasaut {rF+ EV+4 Str-4 Slay+5}
                                C - ring of Nehod {rC+ Slay+5 Stlth+}

@: mighty, finesse, flying
A: antennae 3, fangs 1, large bone plates 3, berserk 1, deterioration 1, dopey
1, fire resistance 1, mutation resistance 1, negative energy resistance 1,
poison resistance, powered by death 3, powered by pain 3, 50% torment
resistance, teleportitis 1, weak 1, black mark
}: 11/15 runes: barnacled, slimy, silver, golden, iron, obsidian, icy, bone,
abyssal, demonic, gossamer
a: Heroism, Finesse, Renounce Religion, Stop Flying


You were in Pandemonium.
You worshipped Okawaru.
Okawaru was exalted by your worship.
You were hungry.

You visited 18 branches of the dungeon, and saw 90 of its levels.
You visited Pandemonium 2 times, and saw 8 of its levels.
You visited the Abyss 5 times.
You also visited: Ice Cave.

You collected 16028 gold pieces.
You spent 5119 gold pieces at shops.

Inventory:

Hand Weapons
 S - the +4 staff of Dispater
   (You took it off Dispater on level 7 of the Iron City of Dis)
 V - a +9 demon trident of freezing (weapon)
Armour
 c - the +2 cloak of Xafiul (worn) {rElec rF+++ Int+4 Stlth-}
   (You acquired it on level 1 of the Spider Nest)

   It affects your intelligence (+4).
   It renders you almost immune to fire.
   It insulates you from electricity.
   It makes you less stealthy.
 k - +12 gold dragon scales (worn)
 s - the +0 large shield of Geenagh (worn) {rElec Regen+ rCorr Dex-2}
   (Okawaru gifted it to you on level 5 of the Realm of Zot)

   It affects your dexterity (-2).
   It insulates you from electricity.
   It increases your rate of regeneration.
   It protects you from acid and corrosion.
 B - a +2 pair of gloves of strength (worn)
 M - a +0 large shield of resistance
 N - a +2 pair of boots of flying (worn)
 O - a +2 pair of boots of running
Jewellery
 d - the ring of the Ban {rElec rN+ Str+4 Dex+4}
   (You took it off a hell knight on level 3 of the Crypt)

   [ring of positive energy]

   It affects your strength (+4).
   It affects your dexterity (+4).
   It insulates you from electricity.
   It protects you from negative energy.
 l - the ring "Kihuzop" (left hand) {rPois rF- MR+++ Dex+2 Slay+3}
   (You found it on level 1 of the Crypt)

   [ring of poison resistance]

   It affects your dexterity (+2).
   It affects your accuracy and damage with ranged weapons and melee attacks
   (+3).
   It makes you vulnerable to fire.
   It protects you from poison.
   It affects your resistance to hostile enchantments.
 n - the amulet "Bitiwuev" {rElec Regen+}
   (You found it on level 3 of the Crypt)

   [amulet of regeneration]

   It insulates you from electricity.
   It increases your rate of regeneration.
 C - the ring of Nehod (on amulet) {rC+ Slay+5 Stlth+}
   (You found it on level 3 of the Tomb of the Ancients)

   [ring of stealth]

   It affects your accuracy and damage with ranged weapons and melee attacks
   (+5).
   It protects you from cold.
   It makes you more stealthy.
 G - the ring of Kasaut (right hand) {rF+ EV+4 Str-4 Slay+5}
   (You bought it in a shop on level 1 of the Elven Halls)

   [ring of evasion]

   It affects your evasion (+4).
   It affects your strength (-4).
   It affects your accuracy and damage with ranged weapons and melee attacks
   (+5).
   It protects you from fire.
 I - an uncursed ring of wizardry
 P - the macabre finger necklace (around neck) {rN+}
   (You took it off a rakshasa on level 2 of the Vaults)

   [amulet of nothing]

   It protects you from negative energy.
 Q - an uncursed ring of resist corrosion
Wands
 b - a wand of digging (9/24)
 e - a wand of acid (6/15)
Scrolls
 a - 15 scrolls of amnesia
 m - 19 scrolls of teleportation
 q - 11 scrolls of identify
 t - 3 scrolls of blinking
 v - 39 scrolls of remove curse
 w - 3 scrolls of enchant armour
 y - 9 scrolls of enchant weapon
 A - 9 scrolls of recharging
 F - 19 scrolls of fog
 X - 8 scrolls of magic mapping
 Z - 2 scrolls of fear
Potions
 j - 12 potions of brilliance
 o - 9 potions of curing
 p - 2 potions of agility
 r - 4 potions of might
 D - 5 potions of haste
 H - 5 potions of resistance
 J - 7 potions of magic
 K - 9 potions of invisibility
 L - 10 potions of heal wounds
 Y - 2 potions of cancellation
Books
 u - a book of the Tempests

   Spells                             Type                      Level
   a - Static Discharge               Conjuration/Air              3
   b - Lightning Bolt                 Conjuration/Air              5
   c - Ignition                       Fire                         8
   d - Tornado                        Air                          9
   e - Shatter                        Earth                        9
 z - a book of Minor Magic

   Spells                             Type                      Level
   a - Magic Dart                     Conjuration                  1
   b - Blink                          Translocation                2
   c - Call Imp                       Summoning                    2
   d - Slow                           Hexes                        2
   e - Conjure Flame                  Conjuration/Fire             3
   f - Mephitic Cloud                 Conjuration/Poison/Air       3
 E - a book of the Warp

   Spells                             Type                      Level
   a - Gell's Gravitas                Translocation                3
   b - Portal Projectile              Hexes/Translocation          3
   c - Force Lance                    Conjuration/Translocation    4
   d - Dispersal                      Translocation                6
   e - Controlled Blink               Translocation                8
   f - Disjunction                    Translocation                8
 U - a book of Enchantments

   Spells                             Type                      Level
   a - Cause Fear                     Hexes                        4
   b - Yara's Violent Unravelling     Hexes/Transmutation          5
   c - Silence                        Hexes/Air                    5
   d - Deflect Missiles               Charms/Air                   6
   e - Discord                        Hexes                        8
Miscellaneous
 g - a figurine of a ziggurat
Comestibles
 h - 24 royal jellies
 i - 40 fruits
 x - 30 meat rations
 T - 3 bread rations


   Skills:
 - Level 21.3 Fighting
 - Level 14.0 Polearms
 - Level 26.0 Armour
 - Level 2.0 Dodging
 - Level 1.0 Stealth
 - Level 26.0 Shields
 - Level 1.7 Unarmed Combat
 - Level 26.2 Spellcasting
 + Level 22.7 Conjurations
   Level 4.3 Necromancy
 + Level 18.9 Translocations
 + Level 21.3 Fire Magic
 - Level 10.0 Invocations
 - Level 8.0 Evocations


You had 65 spell levels left.
You knew the following spells:

 Your Spells              Type           Power        Failure   Level  Hunger
a - Conjure Flame         Conj/Fire      #######.     0%          3    None
b - Blink                 Tloc           N/A          0%          2    None
w - Controlled Blink      Tloc           N/A          36%         8    ######.


Dungeon Overview and Level Annotations

Branches:
Dungeon (15/15)            Temple (1/1) D:7            Lair (6/6) D:11
 Shoals (4/4) Lair:3       Spider (4/4) Lair:3        Slime (5/5) Lair:6
    Orc (2/2) D:11            Elf (3/3) Orc:2        Vaults (5/5) D:13
  Crypt (3/3) Vaults:2       Tomb (3/3) Crypt:3      Depths (5/5) D:15
   Hell (1/1)                 Dis (7/7) Hell            Geh (7/7) Hell
    Coc (7/7) Hell            Tar (7/7) Hell            Zot (5/5) Depths:5

Altars:
Ashenzari
Cheibriados
Dithmenos
Elyvilon
Fedhas
Gozag
Hepliaklqana
Kikubaaqudgha
Makhleb
Nemelex Xobeh
Okawaru
Qazlal
Ru
Sif Muna
Trog
Uskayaw
Vehumet
Xom
Yredelemnul
Zin
The Shining One
Beogh
Jiyva

Shops:
D:8 }   D:11 :   Orc:2 [[(}   Elf:1 ?}}}=:=   Elf:2 [   Shoals:4 [   Vaults:1 =
Vaults:2 [   Vaults:5 :   Zot:3 *   Depths:2 *   Depths:3 =   Depths:4 %

Portals:
Hell: Depths:1 Depths:2 Depths:3 Depths:4 Depths:5
Abyss: Depths:2 Depths:3 Depths:4
Pandemonium: Depths:3 Depths:4
Ziggurat: Depths:3

Annotations:
D:4 Jannitor's ghost, amateur NaWz
Lair:5 exclusion: oklob plant
Elf:2 3 runed doors


Innate Abilities, Weirdness & Mutations

You have a pair of large antennae on your head. (SInv)
You are completely covered in large bone plates. (SH +8)
You resist negative energy. (rN+)
You regenerate a lot of health from kills.
You are powered by pain.
You are somewhat able to resist unholy torments (1 in 2 success).
Your melee attacks may debilitate your foes.
You have very sharp teeth.
You tend to lose your temper in combat.
Your body sometimes deteriorates upon taking damage.
You are dopey. (Int -2)
Your flesh is heat resistant. (rF+)
You are somewhat resistant to further mutation.
Your system is resistant to poisons. (rPois)
You are occasionally teleported next to monsters.
You are weak. (Str -2)


Message History

You hit the Hell Sentinel but do no damage.
The Hell Sentinel is moderately wounded.
Your gold dragon scales prevents you from hitting the Hell Sentinel.
The Hell Sentinel is moderately wounded.
The Hell Sentinel gestures at you. The iron shot hits you!
* * * LOW HITPOINT WARNING * * *
Your body deteriorates!
You feel dopey.
You puncture the Hell Sentinel!
The Hell Sentinel is moderately wounded.
You feel much better. The Hell Sentinel gestures at you.
You block the iron shot.
You impale the Hell Sentinel!!
The Hell Sentinel is heavily wounded.
You puncture the Hell Sentinel!
The Hell Sentinel is severely wounded.
The Hell Sentinel gestures at you.
The sphere of damnation explodes!
The damnation engulfs you!
You die...

######..
#...#..
#.....
#....#
#....####
#........
#1.......
#@......!
#........
#...#####
#...#
#####


You could see a Hell Sentinel.

Vanquished Creatures
  Antaeus (Coc:7)
  Asmodeus (Geh:7)
  7 pandemonium lords (Pan)
  the Royal Jelly (Slime:5)
  the Serpent of Hell (Geh:7)
  Ereshkigal (Tar:7)
  11 orbs of fire
  The ghost of tiddo the Slayer, a legendary OpTm of Okawaru (Geh:7)
  Dispater (Dis:7)
  The ghost of Lavandula the Bringer of Law, a legendary BaHu of Zin (Pan)
  A juggernaut (Depths:5)
  8 ancient liches
  Mennas (Pan)
  Mara (Vaults:3)
  15 greater mummies
  12 shard shrikes
  Bai Suzhen (Vaults:3)
  Frederick (Crypt:3)
  2 Killer Klowns (Zot:5)
  4 curse toes
  12 golden dragons
  Geryon (Hell)
  Jory (Crypt:3)
  5 doom hounds
  12 bone dragons
  19 Brimstone Fiends
  5 iron giants
  Jorgrun (Vaults:3)
  20 Tzitzimimeh
  A hellephant (Hell)
  6 electric golems
  21 tentacled monstrosities
  6 Hell Sentinels
  4 deep elf blademasters
  21 Ice Fiends
  25 Orb Guardians (Zot:5)
  4 titans
  19 liches
  Murray (Depths:2)
  3 eldritch tentacles
  9 Executioners
  8 quicksilver dragons
  12 death cobs
  Polyphemus (Shoals:2)
  20 acid blobs
  2 deep elf master archers (Elf:3)
  3 krakens
  12 ancient champions
  Agnes (Elf:1)
  14 tentacled starspawn
  Gastronok (Lair:1)
  10 sphinxes
  18 storm dragons
  31 shadow dragons
  A thorn hunter (Abyss:5)
  Donald (Orc:2)
  10 draconian monks
  14 tengu reavers
  3 revenants
  Ilsuiw (Shoals:4)
  4 azure jellies (Slime:5)
  14 fire giants
  15 iron dragons
  13 draconian scorchers
  5 draconian knights
  A daeva (Pan)
  5 blood saints (Pan)
  9 deep elf sorcerers
  Louise (Shoals:1)
  3 emperor scorpions
  Aizul (Lair:3)
  14 vault wardens
  14 frost giants
  8 cacodemons
  An angel (Depths:3)
  11 deep elf elementalists
  8 draconian shifters
  15 balrugs
  9 ghost moths
  4 corrupters (Pan)
  2 warmongers (Pan)
  10 draconian stormcallers
  2 orc warlords
  12 draconian annihilators
  59 reapers
  36 war gargoyles
  15 ironheart preservers
  4 spriggan defenders
  3 elemental wellsprings (Coc:7)
  4 entropy weavers
  6 ghouls
  An entropy weaver (shapeshifter) (Vaults:2)
  A juggernaut skeleton (Crypt:1)
  16 very ugly things
  19 green draconians
  9 deep elf demonologists
  13 vampire knights
  6 bennus (Tomb:3)
  3 black suns (Pan)
  21 stone giants
  9 deep elf annihilators
  14 black draconians
  10 white draconians
  31 yellow draconians
  3 spark wasps
  8 lorocyprocas
  10 red draconians
  2 dire elephants (Abyss:5)
  A jiangshi (Crypt:2)
  15 blizzard demons
  2 eidola
  11 ettins
  14 purple draconians
  3 crystal guardians (Crypt:3)
  5 merfolk javelineers
  Josephine (Shoals:1)
  12 deep elf death magi
  26 mummy priests
  10 merfolk impalers
  3 death oozes (Slime:5)
  4 green deaths
  5 fire dragons
  8 quicksilver dragon zombies
  10 great orbs of eyes
  18 ogre magi
  A kraken zombie (Hell)
  43 vault guards
  20 yaktaur captains
  A hell beast (Pan)
  7 monstrous demonspawn (Pan)
  2 deep elf high priests
  25 ice dragons
  4 ghost crabs
  9 rakshasas
  2 catoblepae
  4 quicksilver dragon skeletons
  7 hydras
  9 centaur warriors
  6 merfolk avatars
  66 two-headed ogres
  A hydra (shapeshifter) (Depths:4)
  Erica (D:8)
  An anaconda (shapeshifter) (Vaults:5)
  10 deep troll shamans
  2 spriggan air magi (Depths:5)
  7 death knights
  7 merfolk aquamancers
  A two-headed ogre (shapeshifter) (Abyss:2)
  24 dancing weapons
  17 hell hogs
  An alligator snapping turtle (Shoals:4)
  91 death scarabs
  4 satyrs
  9 death yaks
  34 thrashing horrors
  7 titan zombies
  10 deep troll earth magi
  4 vampire magi
  7 spriggan berserkers
  2 tengu warriors (Depths:3)
  4 orc high priests
  22 deep elf knights
  Sonja (D:13)
  55 soul eaters
  39 sun demons
  4 titan skeletons
  A ghost moth zombie (Crypt:3)
  23 iron golems
  150 skeletal warriors
  6 storm dragon skeletons
  63 hell knights
  16 iron trolls
  5 storm dragon zombies
  15 shadow wraiths
  24 wretched stars
  2 quicksilver dragon simulacra (Depths:5)
  18 sixfirhies
  8 sea snakes
  7 spatial maelstroms
  A death drake (shapeshifter) (Vaults:5)
  8 glowing orange brains
  20 shadow demons
  6 golden dragon zombies
  13 deep trolls
  7 unseen horrors
  An unseen horror (shapeshifter) (Elf:3)
  5 gelid demonspawn (Pan)
  103 starcursed masses
  2 torturous demonspawn (Pan)
  A death drake (Tar:4)
  7 wizards
  18 flayed ghosts
  11 harpies
  4 infernal demonspawn (Pan)
  Pikel (D:7)
  26 phantasmal warriors
  14 deep elf archers
  4 golden dragon skeletons
  3 anaconda zombies
  7 anaconda skeletons
  64 large abominations
  56 deep elf magi
  5 wolf spider zombies
  26 ironbrand convokers
  2 harpies (shapeshifter)
  7 shadow dragon zombies
  An orb spider (shapeshifter) (Vaults:2)
  29 orc knights
  22 necromancers
  A shining eye (shapeshifter) (Depths:3)
  7 oklob plants
  19 fauns
  5 frost giant zombies
  3 shining eyes
  4 iron dragon zombies
  3 orc sorcerers
  4 stone giant zombies
  8 fire giant zombies
  2 salamanders
  3 shadow dragon skeletons
  3 cyclopes
  A manticore (shapeshifter) (Vaults:5)
  A human zombie (Vaults:3)
  41 wolf spiders
  20 orb spiders
  A cyclops (shapeshifter) (Vaults:5)
  3 sphinx skeletons
  37 ugly things
  13 elephants (Lair:6)
  11 worldbinders
  12 manticores
  18 merfolk sirens
  3 iron dragon skeletons
  Psyche (D:10)
  12 vault sentinels
  10 frost giant skeletons
  5 apocalypse crabs
  A guardian serpent (shapeshifter) (Depths:4)
  7 ice statues
  46 smoke demons
  11 spiny frogs
  3 torpor snails
  4 water nymphs
  A torpor snail (shapeshifter) (Vaults:5)
  6 fire giant skeletons
  27 moths of wrath
  5 black mambas
  A gargoyle (D:14)
  2 shock serpent zombies
  4 dire elephant zombies
  61 rust devils
  10 molten gargoyles
  A titan simulacrum (Abyss:5)
  2 dire elephant skeletons
  9 orange demons
  31 hellions
  5 rime drakes
  4 shock serpent skeletons
  9 efreet
  32 yaktaurs
  A kobold demonologist (D:15)
  10 komodo dragons
  A spiny frog (shapeshifter) (Depths:1)
  A yaktaur zombie (Vaults:5)
  61 tormentors
  3 tengu conjurers
  A catoblepas zombie (Tar:7)
  2 green draconian zombies (Crypt:2)
  37 freezing wraiths
  34 demonic crawlers
  A yaktaur skeleton (Vaults:3)
  3 anaconda simulacra
  8 hellwings
  A minotaur zombie (Dis:7)
  2 queen bees
  14 trolls
  17 ancient zymes
  30 ice devils
  40 guardian mummies
  3 harpy zombies
  30 red devils
  23 hydra zombies
  3 meliai (Spider:2)
  36 merfolk
  2 trolls (shapeshifter)
  A wind drake (shapeshifter) (Vaults:2)
  29 jumping spiders
  A polar bear (shapeshifter) (Vaults:1)
  3 silent spectres (Tar:7)
  A jumping spider zombie (Crypt:2)
  4 tyrant leeches (Abyss:5)
  13 hornets
  4 harpy skeletons
  6 polar bears
  7 wind drakes
  12 dream sheep
  55 slime creatures
  A guardian serpent zombie (Crypt:2)
  7 alligator zombies
  5 hydra skeletons
  7 hippogriffs
  23 blink frogs
  6 ettin zombies
  10 fire dragon zombies
  42 raiju
  8 snapping turtles
  A meliai zombie (D:14)
  2 ice dragon zombies
  3 fire dragon skeletons
  6 air elementals
  120 flying skulls
  22 shadows
  39 tarantellas
  A black mamba zombie (Geh:6)
  54 redbacks
  4 wyverns
  29 yaks
  Sigmund (D:3)
  3 hogs (shapeshifter)
  26 ynoxinuls
  5 ice dragon skeletons
  4 ettin skeletons
  35 wraiths
  8 ushabtiu
  2 alligator skeletons
  A tarantella (shapeshifter) (Vaults:4)
  9 vampires
  32 fire elementals
  A tyrant leech zombie (Crypt:1)
  23 water elementals
  A basilisk (shapeshifter) (D:15)
  5 fire bats
  4 hogs (Lair:5)
  2 basilisks
  15 humans (D:13)
  26 neqoxecs
  Grum (D:10)
  2 steam dragons
  8 golden eyes
  8 vampire mosquitoes
  A black mamba skeleton (Tar:1)
  40 chaos spawn
  10 spatial vortices
  2 iron troll simulacra (IceCv)
  2 hungry ghosts
  8 insubstantial wisps
  2 soldier ants
  A harpy simulacrum (IceCv)
  10 wargs
  3 hydra simulacra
  Duvessa (D:6)
  A deep troll skeleton (Vaults:5)
  7 acid dragons
  2 floating eyes
  60 hell hounds
  8 porcupines
  A porcupine (shapeshifter) (D:13)
  5 spiny frog skeletons
  9 water moccasins
  Purgy (D:3)
  72 orc warriors
  14 ice beasts
  5 spiny frog zombies
  A fire dragon simulacrum (Coc:7)
  An alligator simulacrum (Coc:3)
  7 ettin simulacra
  3 snapping turtle zombies
  12 eyes of draining
  A hornet zombie (Crypt:2)
  4 manticore zombies
  9 phantoms
  A sky beast (D:15)
  3 black bears
  19 necrophages
  41 ogres
  19 wolves
  A spriggan simulacrum (Depths:2)
  An orc skeleton (Vaults:1)
  11 boggarts
  2 swamp dragon skeletons
  A manticore skeleton (Geh:5)
  18 centaurs
  4 human skeletons
  15 crocodiles
  An elf skeleton (Vaults:3)
  A snapping turtle skeleton (Dis:6)
  A rime drake skeleton (Crypt:1)
  A deep troll simulacrum (Vaults:5)
  A gnoll sergeant (D:9)
  29 small abominations
  19 bullfrogs
  5 earth elementals
  6 scorpions
  Dowan (D:6)
  50 killer bees
  3 wyvern skeletons
  A polar bear zombie (Crypt:2)
  A water moccasin skeleton (D:9)
  An orc simulacrum (Vaults:1)
  2 spriggan zombies
  14 electric eels
  4 troll skeletons
  62 wights
  11 howler monkeys
  13 jellies
  18 crimson imps
  3 bullfrog zombies
  5 centaur zombies
  2 quasits
  7 centaur skeletons
  5 hounds
  28 orc priests
  35 iron imps
  18 orc wizards
  2 bullfrog skeletons
  5 iguanas
  Natasha (twice) (D:3)
  Terence (D:3)
  6 hell rats (Hell)
  9 worker ants
  An ogre zombie (Dis:7)
  A naga zombie (Dis:6)
  2 tengu zombies
  2 hound skeletons
  52 mummies
  A worker ant zombie (D:12)
  Robin (D:2)
  4 gnolls (D:9)
  12 adders
  10 shadow imps
  15 white imps
  3 ufetubi
  4 oozes
  2 adder zombies
  A halfling skeleton (Crypt:1)
  2 adder skeletons
  3 worms
  A barachi skeleton (Crypt:1)
  6 dart slugs
  A dart slug (shapeshifter) (Vaults:5)
  4 leopard geckos
  99 orcs
  A ball python (D:3)
  10 bats
  5 giant cockroaches
  13 goblins
  7 hobgoblins
  7 jackals
  16 kobolds
  6 quokkas
  A bat (shapeshifter) (Vaults:4)
  8 frilled lizards
  A kobold skeleton (Dis:6)
  A leopard gecko skeleton (D:4)
  2 orc zombies
  A quokka zombie (D:5)
  9 rats
  2 crawling corpses (Elf:3)
  A fire vortex (Geh:5)
  2 lurking horrors (Abyss:5)
  A plant (D:13)
  15 starspawn tentacles
  8 tentacles
5247 creatures vanquished.

Vanquished Creatures (collateral kills)
  A killer bee (D:10)
1 creature vanquished.

Vanquished Creatures (others)
  A tentacled monstrosity (Zot:1)
  An eldritch tentacle (Coc:5)
  Kirke (Lair:5)
  A fire giant (Vaults:5)
  3 yaktaur captains
  A merfolk aquamancer (Shoals:3)
  A centaur warrior (D:15)
  A satyr (Shoals:4)
  21 death scarabs
  4 hell hogs
  A skeletal warrior (Coc:5)
  2 wizards
  A shadow dragon zombie (Geh:7)
  A deep elf archer (Vaults:2)
  A necromancer (Crypt:3)
  A deep elf mage (Vaults:2)
  3 cyclopes
  3 fauns (Shoals:1)
  3 moths of wrath (Zot:5)
  A vault sentinel (Vaults:4)
  An iron dragon skeleton (Geh:7)
  A hellion (Geh:7)
  11 yaktaurs
  A hydra skeleton (Tomb:2)
  2 flying skulls (Geh:7)
  A snapping turtle (Shoals:1)
  A human (Lair:6)
  2 ynoxinuls (Abyss:3)
  An infernal demonspawn zombie (Geh:7)
  2 hell hounds
  5 orc warriors
  A snapping turtle zombie (Geh:7)
  2 boggarts (Depths:3)
  A necrophage (Geh:7)
  An ogre (Vaults:5)
  7 centaurs
  A wight (Geh:1)
  An orc wizard (D:4)
  4 starcursed masses (Abyss:5)
  An iron imp (Dis:7)
  A hell rat (Hell)
  3 mummies (Tomb:2)
  8 orcs
  3 briar patches
  9 fungi
  2 lurking horrors (Abyss:5)
  33 plants
  24 starspawn tentacles
  23 tentacles
205 creatures vanquished.

Grand Total: 5453 creatures vanquished

Notes
Turn   | Place    | Note
-------+----------+-------------------------------------------
     0 | D:1      | Hell the Demonspawn Wanderer began the quest for the Orb.
     0 | D:1      | Hell set off with: a +2 dagger, a scroll of fear, the Guide on the Compass, a +0 robe, a bread ration
     0 | D:1      | Reached XP level 1. HP: 13/13 MP: 1/1
     0 | D:1      | Identified the Guide on the Compass
   204 | D:1      | Reached skill level 1 in Fighting
   298 | D:1      | Gained mutation: You sometimes gain a little power by taking damage. [demonic ancestry]
   298 | D:1      | Reached XP level 2. HP: 21/21 MP: 2/2
   885 | D:2      | Noticed Robin
   913 | D:2      | Gained mutation: You have a pair of small antennae on your head. [demonic ancestry]
   913 | D:2      | Reached XP level 3. HP: 28/28 MP: 3/3
   960 | D:2      | Killed Robin
  1334 | D:2      | Found a glowing silver altar of Zin.
  1459 | D:2      | Gained mutation: You sometimes gain power by taking damage. [demonic ancestry]
  1459 | D:2      | Reached XP level 4. HP: 36/36 MP: 4/4
  1960 | D:3      | Reached skill level 1 in Armour
  2127 | D:3      | Noticed Purgy
  2489 | D:3      | Gained mutation: You are partially covered in large bone plates. (SH +4) [demonic ancestry]
  2489 | D:3      | Reached XP level 5. HP: 39/42 MP: 5/5
  2537 | D:3      | Noticed Sigmund
  2744 | D:3      | Noticed Terence
  2759 | D:3      | Killed Terence
  3208 | D:4      | Reached skill level 5 in Fighting
  3208 | D:4      | Reached XP level 6. HP: 17/51 MP: 6/6
  3503 | D:4      | Noticed Jannitor's ghost (amateur NaWz)
  3774 | D:4      | Found a sparkling altar of Nemelex Xobeh.
  3774 | D:4      | Found a stormy altar of Qazlal.
  3789 | D:4      | Noticed an orc warrior
  3839 | D:4      | Killed an orc warrior
  3839 | D:4      | Gained mutation: You regenerate a little health from kills. [demonic ancestry]
  3839 | D:4      | Reached XP level 7. HP: 29/56 MP: 7/7
  4325 | D:5      | Entered Level 5 of the Dungeon
  4804 | D:5      | Reached skill level 5 in Polearms
  5445 | D:5      | Found a shimmering altar of Xom.
  5716 | D:6      | Found a sacrificial altar of Ru.
  5734 | D:6      | Reached XP level 8. HP: 46/62 MP: 8/8
  7202 | D:6      | Noticed Dowan
  7203 | D:6      | Noticed Duvessa
  7239 | D:6      | Killed Dowan
  7247 | D:6      | Killed Duvessa
  7535 | D:6      | Noticed a hippogriff
  8276 | D:7      | Gained mutation: You regenerate health from kills. [demonic ancestry]
  8276 | D:7      | Reached XP level 9. HP: 68/68 MP: 9/9
  8623 | D:7      | Noticed Pikel
  8644 | D:7      | Killed Pikel
  8644 | D:7      | Reached skill level 10 in Polearms
  8803 | D:7      | Found a burning altar of Makhleb.
  8804 | D:7      | Found a radiant altar of Vehumet.
  8841 | D:7      | Found a staircase to the Ecumenical Temple.
  8948 | D:8      | Found a hazy altar of Hepliaklqana.
  9389 | D:8      | Found Nokan's Gadget Shoppe.
  9475 | D:8      | Noticed a two-headed ogre
  9488 | Temple   | Entered the Ecumenical Temple
  9629 | Temple   | Became a worshipper of Warmaster Okawaru
  9665 | D:7      | Gained mutation: Your flesh is cold resistant. (rC+) [potion of mutation]
  9665 | D:7      | Gained mutation: You have large cloven feet. [potion of mutation]
  9665 | D:7      | Gained mutation: You have hoof-like feet. [potion of mutation]
  9665 | D:7      | Gained mutation: Your mind is acute. (Int +2) [potion of mutation]
  9693 | D:8      | Killed a two-headed ogre
  9693 | D:8      | Reached * piety under Okawaru
  9693 | D:8      | Gained mutation: You have a pair of antennae on your head. [demonic ancestry]
  9693 | D:8      | Reached XP level 10. HP: 74/74 MP: 10/10
  9773 | D:8      | Noticed Erica
  9899 | D:8      | Killed Erica
  9939 | D:8      | Noticed a two-headed ogre
  9959 | D:8      | Killed a two-headed ogre
  9959 | D:8      | Reached ** piety under Okawaru
 10249 | D:3      | Killed Sigmund
 10260 | D:3      | Noticed Natasha
 10263 | D:3      | Killed Natasha
 10321 | D:3      | Noticed Natasha
 10336 | D:3      | Killed Natasha
 10400 | D:3      | Killed Purgy
 11058 | D:8      | Noticed a two-headed ogre
 11071 | D:8      | Killed a two-headed ogre
 11071 | D:8      | Reached skill level 5 in Invocations
 11132 | D:8      | Found a shimmering altar of Xom.
 12058 | D:9      | Reached *** piety under Okawaru
 12107 | D:9      | Found a white marble altar of Elyvilon.
 12160 | D:10     | Entered Level 10 of the Dungeon
 12347 | D:10     | Gained mutation: You are mostly covered in large bone plates. (SH +6) [demonic ancestry]
 12347 | D:10     | Reached XP level 11. HP: 73/80 MP: 14/14
 12403 | D:10     | Noticed Psyche
 12443 | D:10     | Killed Psyche
 12521 | D:10     | Paralysed by a hornet for 3 turns
 12527 | D:10     | Reached **** piety under Okawaru
 12658 | D:10     | Noticed a two-headed ogre
 12683 | D:10     | Killed a two-headed ogre
 12820 | D:10     | Noticed Grum
 12845 | D:10     | Killed Grum
 12951 | D:10     | Found a bloodstained altar of Trog.
 13700 | D:10     | Reached ***** piety under Okawaru
 14298 | D:11     | Found a staircase to the Orcish Mines.
 14342 | D:11     | Noticed a cyan ugly thing
 14364 | D:11     | Killed a cyan ugly thing
 14380 | D:11     | Found Uniss's Book Shoppe.
 14517 | D:11     | Noticed a two-headed ogre
 14823 | D:11     | Reached skill level 5 in Armour
 14963 | D:11     | Received a gift from Okawaru
 15368 | D:11     | Killed a two-headed ogre
 15368 | D:11     | Reached XP level 12. HP: 91/91 MP: 17/17
 15434 | D:11     | Found a staircase to the Lair.
 15938 | D:12     | Noticed a centaur warrior
 15955 | D:12     | Killed a centaur warrior
 15955 | D:12     | Reached skill level 5 in Shields
 17229 | D:12     | Found a roughly hewn altar of Beogh.
 17432 | D:12     | Reached skill level 1 in Evocations
 17564 | D:12     | Noticed a two-headed ogre
 17577 | D:12     | Killed a two-headed ogre
 17842 | D:12     | Received a gift from Okawaru
 17845 | D:12     | Got a steaming demon trident {god gift}
 17846 | D:12     | Identified the +8 demon trident "Killer Klown's Regret" {freeze, rPois rN+ MP-9 Int+4} (Okawaru gifted it to you on level 12 of the Dungeon)
 18246 | Lair:1   | Entered Level 1 of the Lair of Beasts
 18794 | Lair:1   | Noticed Gastronok
 18816 | Lair:1   | Killed Gastronok
 18816 | Lair:1   | Received a gift from Okawaru
 18816 | Lair:1   | Reached XP level 13. HP: 93/96 MP: 7/18
 19116 | Lair:2   | Reached skill level 5 in Evocations
 19363 | Lair:2   | Reached skill level 10 in Shields
 19730 | Lair:3   | Found a hole to the Spider Nest.
 20092 | Lair:3   | Found a staircase to the Shoals.
 20340 | Lair:4   | Reached ****** piety under Okawaru
 20406 | Lair:4   | Received a gift from Okawaru
 21043 | Lair:5   | Noticed Kirke
 21066 | Lair:5   | Killed Kirke
 21066 | Lair:5   | HP: 3/96 [/blast of flame (40)]
 22077 | Lair:6   | Entered Level 6 of the Lair of Beasts
 22137 | Lair:6   | Found a staircase to the Slime Pits.
 22197 | Lair:6   | Reached XP level 14. HP: 103/103 MP: 19/19
 22271 | Lair:6   | Received a gift from Okawaru
 22432 | Lair:6   | Received a gift from Okawaru
 23406 | Orc:1    | Entered Level 1 of the Orcish Mines
 23754 | Orc:2    | Entered Level 2 of the Orcish Mines
 24061 | Orc:1    | Received a gift from Okawaru
 24068 | Orc:1    | Got a polished trident {god gift}
 24069 | Orc:1    | Identified the +1 trident of Due Proportion {vamp, rF+++ Int-2 Dex-5 Stlth+} (Okawaru gifted it to you on level 1 of the Orcish Mines)
 24095 | Orc:2    | Found a staircase to the Elven Halls.
 24362 | Orc:2    | Reached skill level 15 in Shields
 24396 | Orc:2    | Found Cebusis's Armour Shop.
 24396 | Orc:2    | Found Yntyira's Antique Weapon Shoppe.
 24396 | Orc:2    | Found Wurekhal's Gadget Emporium.
 24421 | Orc:2    | Found Jairaroo's Antique Armour Boutique.
 24457 | Orc:2    | Noticed Donald
 24476 | Orc:2    | Killed Donald
 24562 | Orc:2    | Reached XP level 15. HP: 109/109 MP: 21/21
 24582 | Orc:2    | Bought a glowing scarf for 216 gold pieces
 24860 | Orc:1    | Noticed an orc warlord
 24997 | Orc:2    | Killed an orc warlord
 24997 | Orc:2    | Received a gift from Okawaru
 25263 | D:11     | Bought a manual of Armour for 1766 gold pieces
 25317 | D:13     | Noticed Sonja
 25344 | D:13     | Cast into level 2 of the Abyss (Sonja)
 25804 | D:13     | Escaped the Abyss
 25834 | D:13     | Killed Sonja
 25984 | D:13     | Reached skill level 10 in Invocations
 26151 | D:13     | Received a gift from Okawaru
 26310 | D:13     | Reached skill level 10 in Armour
 26809 | D:13     | Received a gift from Okawaru
 26880 | D:13     | Found a gate to the Vaults.
 27971 | D:15     | Entered Level 15 of the Dungeon
 28275 | D:15     | Reached XP level 16. HP: 116/116 MP: 23/23
 28495 | D:15     | Found a staircase to the Depths.
 28774 | Shoals:1 | Entered Level 1 of the Shoals
 28777 | Shoals:1 | Noticed Louise
 28780 | Shoals:1 | Noticed Aizul
 28879 | Lair:3   | Killed Aizul
 28980 | Shoals:1 | Killed Louise
 29144 | Shoals:1 | Noticed a kraken
 29391 | Shoals:1 | Killed a kraken
 29778 | Shoals:1 | Got a heavily runed large shield
 29779 | Shoals:1 | Identified the +9 large shield of the Maze {Dex+4} (You took it off Louise on level 1 of the Shoals)
 29867 | Shoals:1 | Noticed Josephine
 29880 | Shoals:1 | Killed Josephine
 29890 | Shoals:1 | Received a gift from Okawaru
 30347 | Shoals:2 | Reached skill level 15 in Armour
 30594 | Shoals:2 | Noticed Polyphemus
 30636 | Shoals:2 | Killed Polyphemus
 30636 | Shoals:2 | Received a gift from Okawaru
 31252 | Shoals:3 | Received a gift from Okawaru
 31606 | Shoals:3 | Noticed a kraken
 31627 | Shoals:3 | Killed a kraken
 31627 | Shoals:3 | Gained mutation: You are powered by pain. [demonic ancestry]
 31627 | Shoals:3 | Reached XP level 17. HP: 49/122 MP: 8/24
 31987 | Shoals:3 | Noticed a kraken
 32000 | Shoals:3 | Killed a kraken
 32616 | Shoals:4 | Entered Level 4 of the Shoals
 32727 | Shoals:4 | Found Votegg's Antique Armour Shoppe.
 32735 | Shoals:4 | Bought a slimy shield for 323 gold pieces
 32735 | Shoals:4 | Bought a pair of polished gloves for 323 gold pieces
 32735 | Shoals:4 | Identified the cursed +0 pair of gloves "Aladif" {rPois} (You bought it in a shop on level 4 of the Shoals)
 32746 | Shoals:4 | Identified the cursed +0 shield of the Other World {rF- Int+6} (You bought it in a shop on level 4 of the Shoals)
 32972 | Shoals:4 | Received a gift from Okawaru
 32973 | Shoals:4 | Got a dazzling scarf {god gift}
 33029 | Shoals:4 | Identified the scarf of Devotion {rPois Int+5} (Okawaru gifted it to you on level 4 of the Shoals)
 33650 | Shoals:4 | Got a barnacled rune of Zot
 33823 | Shoals:4 | Noticed Ilsuiw
 33842 | Shoals:4 | Killed Ilsuiw
 33842 | Shoals:4 | Received a gift from Okawaru
 34002 | Shoals:4 | Got a fine jade ring
 34003 | Shoals:4 | Identified the ring of Greed {MR+ Dex+5} (You found it on level 4 of the Shoals)
 34301 | Vaults:1 | Entered Level 1 of the Vaults
 34685 | Vaults:1 | Received a gift from Okawaru
 34688 | Vaults:1 | Got a slimy hat {god gift}
 34699 | Vaults:1 | Identified the +0 hat "Vonaw" {rC+} (Okawaru gifted it to you on level 1 of the Vaults)
 35009 | Vaults:1 | Gained mutation: You have a pair of large antennae on your head. (SInv) [demonic ancestry]
 35009 | Vaults:1 | Reached XP level 18. HP: 129/129 MP: 21/25
 35436 | Vaults:1 | Found a snail-covered altar of Cheibriados.
 35442 | Vaults:1 | Paralysed by an ogre mage for 4 turns
 35449 | Vaults:1 | Received a gift from Okawaru
 35471 | Vaults:1 | Found Rexzepredwu's Jewellery Boutique.
 36704 | Vaults:2 | Received a gift from Okawaru
 37431 | Vaults:2 | Reached XP level 19. HP: 138/140 MP: 22/26
 37441 | Vaults:2 | Received a gift from Okawaru
 37484 | Vaults:2 | Noticed a Brimstone Fiend
 37945 | Vaults:2 | Reached skill level 10 in Fighting
 38059 | Vaults:2 | Found Xemeidumn's Antique Armour Shoppe.
 38415 | Vaults:2 | Found a staircase to the Crypt.
 38814 | Vaults:3 | Found a hide-covered altar of Uskayaw.
 38847 | Vaults:3 | Noticed Jorgrun
 38862 | Vaults:3 | Killed Jorgrun
 39013 | Vaults:3 | Noticed Mara
 39050 | Vaults:3 | Killed Mara
 39050 | Vaults:3 | Received a gift from Okawaru
 39104 | Vaults:3 | Noticed Bai Suzhen
 39751 | Vaults:3 | Killed Bai Suzhen
 40272 | Vaults:4 | Received a gift from Okawaru
 40374 | Vaults:4 | Received a gift from Okawaru
 40384 | Vaults:4 | Got a pair of brightly glowing gloves {god gift}
 40385 | Vaults:4 | Identified the +0 pair of gloves "Nuana" {*Corrode +Blink rPois SInv} (Okawaru gifted it to you on level 4 of the Vaults)
 40480 | Vaults:2 | Got a fine cloak {god gift}
 40481 | Vaults:2 | Identified the +0 cloak "Huiwny" {+Inv rPois rF-} (Okawaru gifted it to you on level 2 of the Vaults)
 40799 | Vaults:4 | Reached XP level 20. HP: 143/154 MP: 25/27
 41030 | Vaults:4 | Found a hide-covered altar of Uskayaw.
 42140 | Crypt:1  | Entered Level 1 of the Crypt
 42146 | Crypt:1  | Got a sparkling tin ring
 42147 | Crypt:1  | Identified the ring "Kihuzop" {rPois rF- MR+++ Dex+2 Slay+3} (You found it on level 1 of the Crypt)
 42188 | Crypt:1  | Received a gift from Okawaru
 42689 | Crypt:1  | Paralysed by a vampire knight for 7 turns
 44096 | Crypt:3  | Entered Level 3 of the Crypt
 44145 | Crypt:2  | Received a gift from Okawaru
 44242 | Crypt:3  | Gained mutation: You resist negative energy. (rN+) [demonic ancestry]
 44242 | Crypt:3  | Reached XP level 21. HP: 166/166 MP: 28/28
 44536 | Crypt:3  | Noticed Frederick
 44551 | Crypt:3  | Killed Frederick
 44611 | Crypt:3  | Found a staircase to the Tomb.
 44683 | Crypt:3  | Noticed Jory
 44712 | Crypt:3  | Killed Jory
 44729 | Crypt:3  | Reached skill level 15 in Fighting
 45128 | Crypt:3  | Found a basalt altar of Yredelemnul.
 45163 | Crypt:3  | Identified Fuad's Reference Book on Black Secrets
 45168 | Crypt:3  | Got a pitted brass amulet
 45168 | Crypt:3  | Got a clouded lapis lazuli ring
 45169 | Crypt:3  | Identified the amulet "Bitiwuev" {rElec Regen+} (You found it on level 3 of the Crypt)
 45170 | Crypt:3  | Identified the ring "Tuli" {rF- rC+ rN+ Int+4} (You found it on level 3 of the Crypt)
 45186 | Crypt:3  | Got a transparent turquoise ring
 45243 | Crypt:3  | Identified the ring of the Ban {rElec rN+ Str+4 Dex+4} (You took it off a hell knight on level 3 of the Crypt)
 45333 | Crypt:3  | Noticed an ancient lich
 45352 | Crypt:3  | Killed an ancient lich
 45352 | Crypt:3  | Received a gift from Okawaru
 46112 | Elf:1    | Entered Level 1 of the Elven Halls
 46126 | Elf:1    | Cast into level 1 of the Abyss (deep elf mage)
 46214 | Abyss:1  | Received a gift from Okawaru
 46220 | Abyss:1  | Paralysed by accursed screaming for 1 turns
 46471 | Elf:1    | Escaped the Abyss
 46573 | Elf:1    | Noticed Agnes
 46584 | Elf:1    | Killed Agnes
 46746 | Elf:1    | Found Cigod's Magic Scroll Shop.
 46764 | Elf:1    | Found Deotu's Gadget Shop.
 46831 | Elf:1    | Found a frozen archway.
 46852 | IceCv    | Entered an ice cave
 47037 | IceCv    | Reached XP level 22. HP: 155/178 MP: 29/29
 47232 | Elf:1    | Found Toigeyv's Book Shop.
 47263 | Elf:1    | Found Ypawnof's Jewellery Shoppe.
 47263 | Elf:1    | Found Zitwidgh's Gadget Boutique.
 47264 | Elf:1    | Found Yromanti's Gadget Boutique.
 47714 | Elf:1    | Found Idopn's Jewellery Emporium.
 48301 | Elf:2    | Found Pesukuv's Antique Armour Boutique.
 48320 | Elf:2    | Found a runed gate.
 48330 | Elf:2    | Found a runed gate.
 48331 | Elf:2    | Found a runed gate.
 48731 | Elf:3    | Entered Level 3 of the Elven Halls
 48874 | Elf:3    | Received a gift from Okawaru
 49046 | Elf:3    | Received a gift from Okawaru
 49287 | Elf:3    | Identified Sif Muna's Compendium of Freezing Enhancements
 49297 | Elf:3    | Got a polished longbow
 49298 | Elf:3    | Identified the +8 longbow of Cheibriados {velocity, Dex+3 Stlth+} (You found it on level 3 of the Elven Halls)
 49314 | Elf:3    | Identified the Handbook of Transmigration and Earth
 49544 | Elf:3    | Found a roughly hewn altar of Beogh.
 50083 | Elf:1    | Bought the ring of Kasaut {rF+ EV+4 Str-4 Slay+5} for 1001 gold pieces
 50292 | Spider:1 | Entered Level 1 of the Spider Nest
 50572 | Spider:1 | Identified a scroll of acquirement
 50573 | Spider:1 | Got a translucent cloak
 50584 | Spider:1 | Identified the +2 cloak of Xafiul {rElec rF+++ Int+4 Stlth-} (You acquired it on level 1 of the Spider Nest)
 50587 | Spider:1 | Learned a level 2 spell: Blink
 50601 | Spider:1 | Gained mutation: You are completely covered in large bone plates. (SH +8) [demonic ancestry]
 50601 | Spider:1 | Reached XP level 23. HP: 189/189 MP: 30/30
 51618 | Spider:3 | Received a gift from Okawaru
 52272 | Spider:4 | Entered Level 4 of the Spider Nest
 52626 | Spider:4 | Received a gift from Okawaru
 52850 | Spider:4 | Got a gossamer rune of Zot
 53631 | Vaults:5 | Entered Level 5 of the Vaults
 53976 | Vaults:5 | Reached XP level 24. HP: 200/201 MP: 30/30
 54011 | Vaults:5 | Received a gift from Okawaru
 54167 | Vaults:5 | Received a gift from Okawaru
 54190 | Vaults:5 | Found Liosysa's Book Shoppe.
 54732 | Vaults:5 | Received a gift from Okawaru
 55037 | Vaults:5 | Got a silver rune of Zot
 55114 | Vaults:5 | Received a gift from Okawaru
 55713 | Depths:1 | Entered Level 1 of the Depths
 55713 | Depths:1 | Found a gateway to Hell.
 55824 | Depths:1 | Found a snail-covered altar of Cheibriados.
 56353 | Depths:2 | Received a gift from Okawaru
 56379 | Depths:2 | Got an ancient chain mail {god gift}
 56380 | Depths:2 | Identified the +11 chain mail of Rean {rElec MR+ rCorr} (Okawaru gifted it to you on level 2 of the Depths)
 56405 | Depths:2 | Found Gobbuboe's Blood Bar.
 56465 | Depths:2 | Gained mutation: You are somewhat able to resist unholy torments (1 in 2 success). [demonic ancestry]
 56465 | Depths:2 | Reached XP level 25. HP: 212/212 MP: 30/30
 56616 | Depths:2 | Found a one-way gate to the infinite horrors of the Abyss.
 56778 | Depths:2 | Found a shimmering altar of Xom.
 56912 | Depths:3 | Found a one-way gate leading to the halls of Pandemonium.
 56912 | Depths:3 | Found a gateway to a ziggurat.
 56988 | Depths:3 | Found Eder's Jewellery Shoppe.
 57776 | Depths:4 | Received a gift from Okawaru
 57976 | Depths:4 | Received a gift from Okawaru
 58521 | Depths:4 | Found a shattered altar of Ashenzari.
 58522 | Depths:4 | Found a shimmering altar of Xom.
 58550 | Depths:4 | Found Omacsyza's Food Emporium.
 58630 | Depths:5 | Entered Level 5 of the Depths
 58701 | Depths:5 | Received a gift from Okawaru
 58823 | Depths:5 | Found a basalt altar of Yredelemnul.
 59006 | Depths:5 | Reached skill level 1 in Spellcasting
 59038 | Depths:5 | Gained mutation: You regenerate a lot of health from kills. [demonic ancestry]
 59038 | Depths:5 | Reached XP level 26. HP: 149/220 MP: 30/30
 59042 | Depths:5 | Received a gift from Okawaru
 59141 | Depths:5 | Found an opulent altar of Gozag.
 59221 | Depths:5 | Found a gate to the Realm of Zot.
 59286 | Depths:5 | Reached skill level 5 in Spellcasting
 59294 | Depths:5 | Got a polished chain mail
 59295 | Depths:5 | Identified the +9 chain mail of the Ancient Cities {Int+2} (You found it on level 5 of the Depths)
 59399 | Depths:5 | Found a white marble altar of Elyvilon.
 59491 | Depths:5 | Found a sacrificial altar of Ru.
 59635 | Depths:5 | Received a gift from Okawaru
 59999 | Depths:5 | Noticed a juggernaut
 60011 | Depths:5 | Killed a juggernaut
 60362 | Slime:1  | Entered Level 1 of the Pits of Slime
 60537 | Slime:2  | Received a gift from Okawaru
 60693 | Slime:3  | Gained mutation: Your magical capacity is low. (-10% MP) [a shining eye]
 60744 | Slime:5  | Entered Level 5 of the Pits of Slime
 60746 | Slime:5  | Gained mutation: Scrolls take you a little longer to read. [a shining eye]
 60778 | Slime:5  | Gained mutation: Your spells are a little easier to cast, but a little less powerful. [a shining eye]
 60781 | Slime:5  | Gained mutation: Your body sometimes deteriorates upon taking damage. [a shining eye]
 60824 | Slime:5  | Noticed the Royal Jelly
 60825 | Slime:5  | Found a viscous altar of Jiyva.
 60850 | Slime:5  | Killed the Royal Jelly
 60850 | Slime:5  | Received a gift from Okawaru
 60850 | Slime:5  | Reached skill level 10 in Spellcasting
 60939 | Slime:5  | Got a slimy rune of Zot
 60977 | Slime:5  | Got a steaming lapis lazuli ring
 60980 | Slime:5  | Identified the ring of Nykeim {+Blink rElec MP-9 EV+6 Dex+5} (You found it on level 5 of the Pits of Slime)
 61526 | D:13     | Lost mutation: Your magical capacity is low. (-10% MP) [potion of mutation]
 61526 | D:13     | Lost mutation: Scrolls take you a little longer to read. [potion of mutation]
 61526 | D:13     | Gained mutation: Your mind is very acute. (Int +4) [potion of mutation]
 61526 | D:13     | Lost mutation: Your body sometimes deteriorates upon taking damage. [potion of mutation]
 61526 | D:13     | Gained mutation: You tend to lose your temper in combat. [potion of mutation]
 61526 | D:13     | Gained mutation: You passively map a small area around you. [potion of mutation]
 61527 | D:13     | Lost mutation: Your mind is very acute. (Int +4) [potion of mutation]
 61527 | D:13     | Lost mutation: You passively map a small area around you. [potion of mutation]
 61527 | D:13     | Gained mutation: Your skin changes colour to match your surroundings (Stealth+). [potion of mutation]
 61527 | D:13     | Gained mutation: Your body sometimes deteriorates upon taking damage. [potion of mutation]
 61527 | D:13     | Gained mutation: Your flesh is very cold resistant. (rC++) [potion of mutation]
 61528 | D:13     | Lost mutation: You have hoof-like feet. [potion of mutation]
 61528 | D:13     | Lost mutation: You tend to lose your temper in combat. [potion of mutation]
 61528 | D:13     | Gained mutation: Your flesh is almost immune to the effects of cold. (rC+++) [potion of mutation]
 61528 | D:13     | Gained mutation: You have sharp fingernails. [potion of mutation]
 61529 | D:13     | Lost mutation: Your skin changes colour to match your surroundings (Stealth+). [potion of mutation]
 61529 | D:13     | Lost mutation: Your body sometimes deteriorates upon taking damage. [potion of mutation]
 61529 | D:13     | Lost mutation: Your mind is acute. (Int +2) [potion of mutation]
 61529 | D:13     | Gained mutation: You possess an exceptional clarity of mind. [potion of mutation]
 61529 | D:13     | Gained mutation: You have hoof-like feet. [potion of mutation]
 61530 | D:13     | Lost mutation: You possess an exceptional clarity of mind. [potion of mutation]
 61530 | D:13     | Lost mutation: Your spells are a little easier to cast, but a little less powerful. [potion of mutation]
 61530 | D:13     | Gained mutation: Your natural rate of healing is unusually fast. [potion of mutation]
 61530 | D:13     | Gained mutation: Your system is resistant to poisons. (rPois) [potion of mutation]
 61822 | Tomb:1   | Entered Level 1 of the Tomb of the Ancients
 62194 | Tomb:1   | Received a gift from Okawaru
 62251 | Tomb:1   | Noticed a greater mummy
 62274 | Tomb:1   | Killed a greater mummy
 62495 | Tomb:1   | Gained mutation: Your melee attacks may debilitate your foes. [demonic ancestry]
 62495 | Tomb:1   | Reached XP level 27. HP: 182/226 MP: 38/38
 62570 | Tomb:1   | Noticed a greater mummy
 62588 | Tomb:1   | Killed a greater mummy
 63054 | Tomb:2   | Noticed a greater mummy
 63056 | Tomb:2   | Noticed a greater mummy
 63056 | Tomb:2   | Noticed a greater mummy
 63058 | Tomb:2   | Noticed a greater mummy
 63058 | Tomb:2   | Noticed an ancient lich
 63149 | Tomb:2   | Killed an ancient lich
 63169 | Tomb:2   | Killed a greater mummy
 63169 | Tomb:2   | Received a gift from Okawaru
 63219 | Tomb:2   | Killed a greater mummy
 63248 | Tomb:2   | Killed a greater mummy
 63288 | Tomb:2   | Killed a greater mummy
 63747 | Tomb:3   | Entered Level 3 of the Tomb of the Ancients
 63868 | Tomb:3   | Noticed a greater mummy
 63868 | Tomb:3   | Noticed a greater mummy
 63913 | Tomb:3   | Killed a greater mummy
 63954 | Tomb:3   | Noticed a greater mummy
 63955 | Tomb:3   | Noticed a greater mummy
 63967 | Tomb:3   | Killed a greater mummy
 63988 | Tomb:3   | Killed a greater mummy
 63993 | Tomb:3   | Reached skill level 15 in Spellcasting
 64008 | Tomb:3   | Killed a greater mummy
 64008 | Tomb:3   | Received a gift from Okawaru
 64054 | Tomb:3   | Noticed a greater mummy
 64077 | Tomb:3   | Killed a greater mummy
 64123 | Tomb:3   | Noticed a greater mummy
 64155 | Tomb:3   | Killed a greater mummy
 64301 | Tomb:3   | Noticed a greater mummy
 64302 | Tomb:3   | Noticed a greater mummy
 64314 | Tomb:3   | Killed a greater mummy
 64335 | Tomb:3   | Killed a greater mummy
 64545 | Tomb:3   | Got a golden rune of Zot
 64625 | Tomb:3   | Got a clouded tin ring
 64629 | Tomb:3   | Identified the ring of Enitwyn {-Tele +Fly MR++ Slay+4} (You found it on level 3 of the Tomb of the Ancients)
 64633 | Tomb:3   | Got a scorched steel ring
 64634 | Tomb:3   | Identified the ring of Nehod {rC+ Slay+5 Stlth+} (You found it on level 3 of the Tomb of the Ancients)
 64641 | Tomb:3   | Got a translucent brass ring
 64642 | Tomb:3   | Identified the ring "Qozurchao" {*Drain rPois AC+3 Str+3} (You found it on level 3 of the Tomb of the Ancients)
 64645 | Tomb:3   | Got a translucent plate armour
 64646 | Tomb:3   | Identified the +9 plate armour "Enuleh" {Slay+3} (You found it on level 3 of the Tomb of the Ancients)
 64735 | Tomb:3   | Noticed a greater mummy
 64746 | Tomb:3   | Killed a greater mummy
 64762 | Tomb:3   | Received a gift from Okawaru
 64789 | Tomb:3   | Identified Xacottoot's Incunabulum of Confrontation
 65707 | Depths:2 | Voluntarily entered the Abyss.
 65707 | Abyss:1  | Found a corrupted altar of Lugonu.
 65928 | Abyss:2  | Found a sparkling altar of Nemelex Xobeh.
 66145 | Abyss:3  | Paralysed by you for 3 turns
 66377 | Abyss:3  | Found a corrupted altar of Lugonu.
 66382 | Abyss:4  | Found a corrupted altar of Lugonu.
 66414 | Abyss:4  | Found a corrupted altar of Lugonu.
 66805 | Abyss:5  | Entered Level 5 of the Abyss
 66811 | Abyss:5  | Found a snail-covered altar of Cheibriados.
 67017 | Abyss:5  | Paralysed by accursed screaming for 2 turns
 67031 | Abyss:5  | Found a snail-covered altar of Cheibriados.
 67123 | Abyss:5  | Found a snail-covered altar of Cheibriados.
 67279 | Abyss:5  | Paralysed by accursed screaming for 1 turns
 67298 | Abyss:5  | Paralysed by accursed screaming for 1 turns
 67304 | Abyss:5  | Paralysed by accursed screaming for 1 turns
 67370 | Abyss:5  | Received a gift from Okawaru
 67438 | Abyss:5  | Gained mutation: You are clumsy. (Dex -2) [a neqoxec]
 67555 | Abyss:5  | Paralysed by accursed screaming for 1 turns
 67778 | Abyss:5  | Lost mutation: Your natural rate of healing is unusually fast. [a neqoxec]
 67806 | Abyss:5  | Paralysed by accursed screaming for 2 turns
 67861 | Abyss:5  | Paralysed by accursed screaming for 1 turns
 68530 | Abyss:5  | Received a gift from Okawaru
 68556 | Abyss:5  | Got an abyssal rune of Zot
 68578 | Depths:2 | Escaped the Abyss
 68616 | Hell     | Entered the Vestibule of Hell
 68616 | Hell     | Noticed Geryon
 68616 | Hell     | Noticed Murray
 68906 | Depths:2 | Killed Murray
 68947 | Hell     | Killed Geryon
 69187 | Hell     | Found a gateway to the Iron City of Dis.
 69279 | Hell     | Found a gateway to the freezing wastes of Cocytus.
 69375 | Hell     | Received a gift from Okawaru
 69452 | Hell     | Found a gateway to the decaying netherworld of Tartarus.
 69514 | Hell     | Found a gateway to the ashen valley of Gehenna.
 69834 | Zot:1    | Entered Level 1 of the Realm of Zot
 69996 | Zot:1    | Reached skill level 5 in Translocations
 70514 | Zot:1    | Received a gift from Okawaru
 70675 | Zot:1    | Identified a +0 pair of boots of running (You found it on level 1 of the Realm of Zot)
 70763 | Zot:1    | Noticed an orb of fire
 70780 | Zot:1    | Killed an orb of fire
 70943 | Zot:2    | Reached skill level 10 in Translocations
 71123 | Zot:2    | Received a gift from Okawaru
 71733 | Zot:3    | Found Tinidyka's Changing Room.
 72354 | Zot:3    | Received a gift from Okawaru
 73443 | Zot:4    | Received a gift from Okawaru
 73446 | Zot:4    | Got a translucent eveningstar {god gift}
 73447 | Zot:4    | Identified the +8 eveningstar "Buclisch Luqa" {venom, MR+ Stlth+} (Okawaru gifted it to you on level 4 of the Realm of Zot)
 73614 | Zot:4    | Reached skill level 15 in Translocations
 74009 | Zot:5    | Entered Level 5 of the Realm of Zot
 74385 | Zot:5    | Noticed an ancient lich
 74396 | Zot:5    | Noticed an ancient lich
 74396 | Zot:5    | Received a gift from Okawaru
 74399 | Zot:5    | Noticed an orb of fire
 74403 | Zot:5    | Noticed an orb of fire
 74405 | Zot:5    | Killed an ancient lich
 74408 | Zot:5    | Noticed an orb of fire
 74412 | Zot:5    | Noticed an orb of fire
 74414 | Zot:5    | Noticed an orb of fire
 74429 | Zot:5    | Killed an ancient lich
 74433 | Zot:5    | Noticed an orb of fire
 74435 | Zot:5    | Noticed an orb of fire
 74437 | Zot:5    | Noticed an ancient lich
 74446 | Zot:5    | Killed an orb of fire
 74452 | Zot:5    | Killed an orb of fire
 74456 | Zot:5    | Noticed an orb of fire
 74460 | Zot:5    | Noticed an ancient lich
 74464 | Zot:5    | Gained mutation: Scrolls take you a little longer to read. [an orb of fire]
 74472 | Zot:5    | Killed an orb of fire
 74474 | Zot:5    | Cast into level 5 of the Abyss (the power of Zot)
 74474 | Abyss:5  | Entered Level 5 of the Abyss
 74657 | Zot:5    | Escaped the Abyss
 74657 | Zot:5    | Gained mutation: You are weak. (Str -2) [an orb of fire]
 74670 | Zot:4    | Gained mutation: You are very weak. (Str -4) [an orb of fire]
 74688 | Zot:4    | Killed an ancient lich
 74690 | Zot:4    | Gained mutation: Your body sometimes deteriorates upon taking damage. [an orb of fire]
 74694 | Zot:4    | Killed an orb of fire
 74704 | Zot:4    | Gained mutation: Scrolls take you longer to read. [an orb of fire]
 74707 | Zot:4    | Killed an orb of fire
 74716 | Zot:4    | Lost mutation: You are clumsy. (Dex -2) [potion of mutation]
 74716 | Zot:4    | Lost mutation: Your body sometimes deteriorates upon taking damage. [potion of mutation]
 74716 | Zot:4    | Lost mutation: Your system is resistant to poisons. (rPois) [potion of mutation]
 74716 | Zot:4    | Gained mutation: Your spells are a little harder to cast, but a little more powerful. [potion of mutation]
 74717 | Zot:4    | Lost mutation: Scrolls take you longer to read. [potion of mutation]
 74717 | Zot:4    | Lost mutation: Your spells are a little harder to cast, but a little more powerful. [potion of mutation]
 74717 | Zot:4    | Lost mutation: You have hoof-like feet. [potion of mutation]
 74717 | Zot:4    | Lost mutation: You are very weak. (Str -4) [potion of mutation]
 74717 | Zot:4    | Lost mutation: You are weak. (Str -2) [potion of mutation]
 74717 | Zot:4    | Lost mutation: You have large cloven feet. [potion of mutation]
 74717 | Zot:4    | Gained mutation: Your muscles are strong. (Str +2) [potion of mutation]
 74717 | Zot:4    | Gained mutation: Your mind is acute. (Int +2) [potion of mutation]
 74903 | Zot:5    | Lost mutation: Your muscles are strong. (Str +2) [an orb of fire]
 74905 | Zot:5    | Killed an orb of fire
 74914 | Zot:5    | Killed an ancient lich
 74931 | Zot:5    | Gained mutation: You have very sharp teeth. [an orb of fire]
 74937 | Zot:5    | Killed an orb of fire
 74971 | Zot:5    | Received a gift from Okawaru
 74976 | Zot:5    | Got a steaming large shield {god gift}
 74979 | Zot:5    | Identified the +0 large shield of Geenagh {rElec Regen+ rCorr Dex-2} (Okawaru gifted it to you on level 5 of the Realm of Zot)
 75281 | Zot:5    | Killed an orb of fire
 75317 | Zot:5    | Cast into level 5 of the Abyss (a Zot trap)
 75317 | Abyss:5  | Entered Level 5 of the Abyss
 75445 | Zot:5    | Escaped the Abyss
 75585 | Zot:5    | Noticed an orb of fire
 75588 | Zot:5    | Gained mutation: Your magical capacity is low. (-10% MP) [an orb of fire]
 75596 | Zot:5    | Gained mutation: You tend to lose your temper in combat. [an orb of fire]
 75598 | Zot:5    | Gained mutation: Your body sometimes deteriorates upon taking damage. [an orb of fire]
 75609 | Zot:5    | Killed an orb of fire
 75609 | Zot:5    | Received a gift from Okawaru
 75853 | Zot:5    | Noticed an orb of fire
 75854 | Zot:5    | Gained mutation: Your spells are a little harder to cast, but a little more powerful. [an orb of fire]
 75860 | Zot:5    | Gained mutation: Your body often deteriorates upon taking damage. [an orb of fire]
 75868 | Zot:5    | Gained mutation: You expend magic power (3 MP) to strengthen your wands. [an orb of fire]
 75873 | Zot:5    | Killed an orb of fire
 75945 | Zot:5    | Received a gift from Okawaru
 75948 | Zot:5    | Got a pair of twisted boots {god gift}
 75951 | Zot:5    | Identified the +0 pair of boots of the Invisible Eyes {-Cast rN+ Str+2 Slay+5} (Okawaru gifted it to you on level 5 of the Realm of Zot)
 76089 | Zot:3    | Bought a potion of mutation for 160 gold pieces
 76089 | Zot:3    | Bought a potion of mutation for 160 gold pieces
 76089 | Zot:3    | Lost mutation: Your magical capacity is low. (-10% MP) [potion of mutation]
 76089 | Zot:3    | Lost mutation: Your mind is acute. (Int +2) [potion of mutation]
 76089 | Zot:3    | Lost mutation: You expend magic power (3 MP) to strengthen your wands. [potion of mutation]
 76089 | Zot:3    | Lost mutation: Your body often deteriorates upon taking damage. [potion of mutation]
 76089 | Zot:3    | Lost mutation: Scrolls take you a little longer to read. [potion of mutation]
 76089 | Zot:3    | Gained mutation: Your magical capacity is low. (-10% MP) [potion of mutation]
 76089 | Zot:3    | Gained mutation: You are robust. (+10% HP) [potion of mutation]
 76089 | Zot:3    | Lost mutation: You are robust. (+10% HP) [potion of mutation]
 76089 | Zot:3    | Gained mutation: You are agile. (Dex +2) [potion of mutation]
 76090 | Zot:3    | Lost mutation: Your body sometimes deteriorates upon taking damage. [potion of mutation]
 76090 | Zot:3    | Lost mutation: You are agile. (Dex +2) [potion of mutation]
 76090 | Zot:3    | Gained mutation: You expend magic power (3 MP) to strengthen your wands. [potion of mutation]
 76090 | Zot:3    | Lost mutation: Your magical capacity is low. (-10% MP) [potion of mutation]
 76090 | Zot:3    | Gained mutation: You have very sharp fingernails. [potion of mutation]
 76091 | Zot:3    | Lost mutation: Your flesh is almost immune to the effects of cold. (rC+++) [potion of mutation]
 76091 | Zot:3    | Lost mutation: You have very sharp fingernails. [potion of mutation]
 76091 | Zot:3    | Lost mutation: Your flesh is very cold resistant. (rC++) [potion of mutation]
 76091 | Zot:3    | Lost mutation: You tend to lose your temper in combat. [potion of mutation]
 76091 | Zot:3    | Gained mutation: You have supernaturally acute eyesight. (SInv) [potion of mutation]
 76091 | Zot:3    | Gained mutation: You tend to lose your temper in combat. [potion of mutation]
 76091 | Zot:3    | Gained mutation: You evolve. [potion of mutation]
 76527 | Vaults:5 | Lost mutation: You expend magic power (3 MP) to strengthen your wands. [potion of mutation]
 76527 | Vaults:5 | Lost mutation: Your spells are a little harder to cast, but a little more powerful. [potion of mutation]
 76527 | Vaults:5 | Gained mutation: You often lose your temper in combat. [potion of mutation]
 76527 | Vaults:5 | Gained mutation: You are frail. (-10% HP) [potion of mutation]
 76527 | Vaults:5 | Gained mutation: You expend magic power (3 MP) to strengthen your wands. [potion of mutation]
 76527 | Vaults:5 | Lost mutation: You are frail. (-10% HP) [potion of mutation]
 76904 | Elf:3    | Lost mutation: You have sharp fingernails. [potion of mutation]
 76904 | Elf:3    | Lost mutation: You expend magic power (3 MP) to strengthen your wands. [potion of mutation]
 76904 | Elf:3    | Gained mutation: Your flesh is very cold resistant. (rC++) [potion of mutation]
 76904 | Elf:3    | Gained mutation: You are robust. (+10% HP) [potion of mutation]
 76904 | Elf:3    | Gained mutation: You are occasionally teleported next to monsters. [potion of mutation]
 76904 | Elf:3    | Gained mutation: Your system is resistant to poisons. (rPois) [potion of mutation]
 77254 | Spider:4 | Lost mutation: You often lose your temper in combat. [potion of mutation]
 77254 | Spider:4 | Lost mutation: Your flesh is very cold resistant. (rC++) [potion of mutation]
 77254 | Spider:4 | Lost mutation: You are robust. (+10% HP) [potion of mutation]
 77254 | Spider:4 | Lost mutation: You have supernaturally acute eyesight. (SInv) [potion of mutation]
 77254 | Spider:4 | Lost mutation: Your flesh is cold resistant. (rC+) [potion of mutation]
 77254 | Spider:4 | Lost mutation: You evolve. [potion of mutation]
 77254 | Spider:4 | Gained mutation: Your spells are a little harder to cast, but a little more powerful. [potion of mutation]
 77254 | Spider:4 | Gained mutation: Potions are less effective at restoring your health. [potion of mutation]
 77254 | Spider:4 | Gained mutation: Your flesh is heat resistant. (rF+) [potion of mutation]
 77778 | Geh:1    | Entered Level 1 of Gehenna
 78551 | Geh:6    | Received a gift from Okawaru
 78566 | Geh:7    | Entered Level 7 of Gehenna
 78792 | Geh:7    | Noticed tiddo's ghost (legendary OpTm)
 78823 | Geh:7    | Killed tiddo's ghost
 79116 | Geh:7    | Identified a +2 pair of boots of running (You found it on level 7 of Gehenna)
 79126 | Geh:7    | Noticed the Serpent of Hell
 79157 | Geh:7    | Killed the Serpent of Hell
 79157 | Geh:7    | Received a gift from Okawaru
 79924 | Geh:7    | Noticed Asmodeus
 79976 | Geh:7    | Killed Asmodeus
 79976 | Geh:7    | Received a gift from Okawaru
 79976 | Geh:7    | Received a gift from Okawaru
 80039 | Geh:7    | Identified the Compendium of Confrontation
 80048 | Geh:7    | Got a bound graven amulet
 80049 | Geh:7    | Identified the amulet of the Prince of Darkness {RegenMP Str+2} (You found it on level 7 of Gehenna)
 80055 | Geh:7    | Got an obsidian rune of Zot
 80080 | Geh:7    | Identified the Disquisition on Lightness and Orientation
 80448 | Tar:1    | Entered Level 1 of Tartarus
 80809 | Tar:3    | Learned a level 3 spell: Conjure Flame
 80936 | Tar:3    | Reached skill level 1 in Conjurations
 80936 | Tar:3    | Reached skill level 1 in Fire Magic
 81198 | Tar:4    | Received a gift from Okawaru
 81245 | Tar:4    | Reached skill level 5 in Conjurations
 81265 | Tar:4    | Reached skill level 5 in Fire Magic
 81570 | Tar:7    | Entered Level 7 of Tartarus
 81741 | Tar:7    | Noticed Ereshkigal
 81849 | Tar:7    | Received a gift from Okawaru
 81869 | Tar:7    | Killed Ereshkigal
 81873 | Tar:7    | Noticed an ancient lich
 81895 | Tar:7    | Killed an ancient lich
 81947 | Tar:7    | Reached skill level 10 in Conjurations
 82254 | Tar:7    | Got a bone rune of Zot
 82270 | Tar:7    | Reached skill level 10 in Fire Magic
 82314 | Tar:7    | Got a smoking lapis lazuli ring
 82315 | Tar:7    | Identified the ring of Boxummul {rElec rN+ Dex-5 Slay-5 Stlth+} (You found it on level 7 of Tartarus)
 82573 | Tar:7    | Noticed an ancient lich
 82586 | Tar:7    | Killed an ancient lich
 82842 | Tar:7    | Got a sparkling graven amulet
 82843 | Tar:7    | Identified the amulet "Aruaxit" {Spirit rC+ Str+6 Dex+3 Slay-5} (You found it on level 7 of Tartarus)
 83380 | Dis:1    | Entered Level 1 of the Iron City of Dis
 83500 | Dis:1    | Gained mutation: Your body sometimes deteriorates upon taking damage. [mutagenic glow]
 83584 | Dis:1    | Gained mutation: You are dopey. (Int -2) [mutagenic glow]
 83615 | Dis:1    | Received a gift from Okawaru
 84325 | Dis:2    | Received a gift from Okawaru
 85084 | Dis:5    | Gained mutation: Potions are poor at restoring your health. [mutagenic glow]
 85138 | Dis:5    | Lost mutation: Potions are poor at restoring your health. [mutagenic glow]
 85159 | Dis:5    | Gained mutation: You are weak. (Str -2) [mutagenic glow]
 85613 | Dis:6    | Reached skill level 15 in Conjurations
 85668 | Dis:7    | Entered Level 7 of the Iron City of Dis
 85891 | Dis:7    | Received a gift from Okawaru
 86260 | Dis:7    | Received a gift from Okawaru
 86297 | Dis:7    | Reached skill level 15 in Fire Magic
 86311 | Dis:7    | Identified the Reference Book on the Congealing Oath
 86677 | Dis:7    | Noticed Dispater
 86730 | Dis:7    | Killed Dispater
 86758 | Dis:7    | Lost mutation: Your spells are a little harder to cast, but a little more powerful. [potion of mutation]
 86758 | Dis:7    | Lost mutation: Your body sometimes deteriorates upon taking damage. [potion of mutation]
 86758 | Dis:7    | Lost mutation: Potions are less effective at restoring your health. [potion of mutation]
 86758 | Dis:7    | Gained mutation: You are somewhat resistant to further mutation. [potion of mutation]
 86831 | Dis:7    | Got an iron rune of Zot
 86833 | Dis:7    | Got a sparkling steel amulet
 86834 | Dis:7    | Identified the amulet of Qacih {+Rage MR+} (You found it on level 7 of the Iron City of Dis)
 87728 | Dis:7    | Received a gift from Okawaru
 87939 | Coc:1    | Entered Level 1 of Cocytus
 88679 | Coc:7    | Entered Level 7 of Cocytus
 88713 | Coc:7    | Received a gift from Okawaru
 88905 | Coc:7    | Noticed Antaeus
 89102 | Coc:7    | Received a gift from Okawaru
 89518 | Coc:7    | Got a scorched large shield
 89519 | Coc:7    | Identified the +0 large shield of Plog {+Inv Str+6 Slay-3} (You found it on level 7 of Cocytus)
 89713 | Coc:7    | Killed Antaeus
 89741 | Coc:7    | Got an icy rune of Zot
 90066 | Pan      | Entered Pandemonium
 90103 | Pan      | Received a gift from Okawaru
 90206 | Pan      | Noticed Attu the pandemonium lord
 90275 | Pan      | Killed Attu the pandemonium lord
 90307 | Pan      | Found an exit through the horrors of the Abyss.
 90666 | Pan      | Found an exit through the horrors of the Abyss.
 90679 | Pan      | Noticed Lavandula's ghost (legendary BaHu)
 90703 | Pan      | Killed Lavandula's ghost
 90975 | Pan      | Noticed Dialomei the pandemonium lord
 90982 | Pan      | Killed Dialomei the pandemonium lord
 91823 | Pan      | Found an exit through the horrors of the Abyss.
 92107 | Pan      | Noticed Heak the pandemonium lord
 92138 | Pan      | Killed Heak the pandemonium lord
 92201 | Pan      | Gained mutation: Your body sometimes deteriorates upon taking damage. [a neqoxec]
 92293 | Pan      | Got a demonic rune of Zot
 92555 | Pan      | Found an exit through the horrors of the Abyss.
 92614 | Pan      | Received a gift from Okawaru
 93139 | Pan      | Noticed Yshai the pandemonium lord
 93174 | Pan      | Killed Yshai the pandemonium lord
 93770 | Depths:3 | Escaped Pandemonium
 94023 | Elf:1    | Bought a book of the Warp for 1170 gold pieces
 94032 | Elf:1    | Learned a level 8 spell: Controlled Blink
 94290 | Pan      | Entered Pandemonium
 94296 | Pan      | Noticed Resit the pandemonium lord
 94319 | Pan      | Killed Resit the pandemonium lord
 94744 | Pan      | Found an exit through the horrors of the Abyss.
 94994 | Pan      | Received a gift from Okawaru
 95053 | Pan      | Noticed Mennas
 95087 | Pan      | Killed Mennas
 95123 | Pan      | Noticed Amyobis the pandemonium lord
 95143 | Pan      | Killed Amyobis the pandemonium lord
 95296 | Pan      | Found an exit through the horrors of the Abyss.
 96082 | Pan      | Found an exit through the horrors of the Abyss.
 96237 | Pan      | Received a gift from Okawaru
 96292 | Pan      | Noticed Bashose the pandemonium lord
 96310 | Pan      | Killed Bashose the pandemonium lord
 96411 | Pan      | Received a gift from Okawaru
 97102 | Pan      | Killed from afar by a Hell Sentinel

Skill      XL: |  1  2  3  4  5  6  7  8  9 10 11 12 13 14 15 16 17 18 19 20 21 22 23 24 25 26 27 |
---------------+----------------------------------------------------------------------------------+-----
Fighting       | 1 2 3 4 5 7 9 12 14 16 17 19 20 21 | 21.3
Armour         | 1 2 5 13 15 16 17 18 19 20 21 22 26 | 26.0
Polearms       | 3 6 9 11 13 14 | 14.0
Invocations    | 5 7 10 | 10.0
Dodging        | 2 |  2.0
Shields        | 3 9 12 15 16 18 19 20 21 22 23 24 26 | 26.0
Evocations     | 4 7 8 |  8.0
Spellcasting   | 2 11 26 | 26.2
Translocations | 18 | 18.9
Conjurations   | 22 | 22.7
Fire Magic     | 21 | 21.3
Stealth        | |  1.0
Unarmed Combat | |  1.7
Necromancy     | |  4.3

Action                   |  1- 3 |  4- 6 |  7- 9 | 10-12 | 13-15 | 16-18 | 19-21 | 22-24 | 25-27 || total
-------------------------+-------+-------+-------+-------+-------+-------+-------+-------+-------++-------
Melee: Dagger            |   115 |   370 |   560 |       |       |       |       |       |       ||  1045
       Punch             |       |       |     4 |       |       |       |       |       |       ||     4
       Halberd           |       |       |   165 |   747 |       |       |       |       |       ||   912
       Trident           |       |       |       |   624 |       |       |       |       |       ||   624
       Demon trident     |       |       |       |    95 |  1497 |  1763 |  2419 |  2448 | 13506 || 21728
       Unarmed           |       |       |       |       |     4 |       |       |       |       ||     4
       Bite              |       |       |       |       |       |       |       |       |   971 ||   971
Throw: Throwing net      |       |       |     2 |     4 |       |       |       |       |       ||     6
 Cast: Blink             |       |       |       |       |       |       |       |       |     1 ||     1
Invok: Heroism           |       |       |       |     7 |     6 |     7 |     7 |       |     5 ||    32
       Finesse           |       |       |       |       |     3 |     4 |     7 |    10 |    56 ||    80
Evoke: Wand              |       |     4 |    39 |    30 |     6 |     2 |       |       |    12 ||    93
       Horn of Geryon    |       |       |       |       |       |       |       |       |     1 ||     1
  Use: Scroll            |     1 |     6 |     9 |    10 |     8 |     7 |    12 |    19 |    57 ||   129
       Potion            |       |     5 |    10 |     5 |     5 |     2 |     5 |     2 |    52 ||    86
 Stab: Sleeping          |     2 |       |       |       |       |       |       |       |       ||     2
       Paralysed         |       |     9 |    11 |     3 |       |       |       |       |     1 ||    24
       Confused          |       |       |     5 |    10 |       |       |       |       |       ||    15
       Held in net/web   |       |       |       |     1 |       |       |       |       |       ||     1
       Distracted        |       |       |       |       |     1 |       |       |       |     6 ||     7
       Invisible         |       |       |       |       |       |       |     6 |       |     4 ||    10
  Eat: Chunk             |     1 |     9 |       |    14 |    15 |     6 |    10 |     6 |     6 ||    67
       Bread ration      |       |       |     3 |       |     2 |     3 |     3 |     3 |    23 ||    37
       Meat ration       |       |       |     2 |     1 |     1 |     1 |     4 |       |     5 ||    14
       Royal jelly       |       |       |       |     4 |     4 |     3 |       |     5 |    11 ||    27
Armor: Robe              |     7 |       |       |       |       |       |       |       |       ||     7
       Scale mail        |    48 |   146 |   275 |     1 |       |       |       |       |       ||   470
       Chain mail        |       |       |    34 |   528 |    89 |       |       |     9 |   165 ||   825
       Skin              |       |       |    11 |     6 |       |       |       |       |       ||    17
       Plate armour      |       |       |       |       |   119 |   236 |    40 |       |       ||   395
       Storm dragon scal |       |       |       |       |       |       |   151 |   226 |       ||   377
       Gold dragon scale |       |       |       |       |       |       |       |       |  2593 ||  2593
Dodge: Dodged            |    47 |   164 |   254 |   241 |   104 |    96 |   132 |   169 |  1547 ||  2754
Block: Other             |       |    29 |    94 |   170 |       |       |       |       |       ||   293
       Shield            |       |       |       |   289 |   905 |   858 |       |       |       ||  2052
       Reflection        |       |       |       |       |    95 |   174 |    63 |       |       ||   332
       Large shield      |       |       |       |       |       |   400 |  1865 |  2098 | 11414 || 15777
